 Dungeon Crawl Stone Soup version 0.23-a0-106-g63f3d0b (webtiles) character file.

39596 galech the Severer (level 13, -9/157 HPs)
             Began as a Demonspawn Berserker on Aug 20, 2018.
             Was the Champion of Trog.
             Mangled by a tyrant leech (25 damage)
             ... on level 5 of the Lair of Beasts.
             The game lasted 00:28:23 (15029 turns).

galech the Severer (Demonspawn Berserker)          Turns: 15029, Time: 00:28:25

Health: -9/157     AC: 20    Str: 25    XL:     13   Next: 70%
Magic:  0/14       EV: 14    Int: 10    God:    Trog [******]
Gold:   468        SH:  0    Dex: 20    Spells: 12/12 levels left

rFire    . . .     SeeInvis .   G - +3 executioner's axe (chop)
rCold    + . .     Gourm    .   (shield currently unavailable)
rNeg     . . .     Faith    .   U - +5 scale mail of Adghuss {rElec Str+2 Dex+4}
rPois    +         Spirit   +   (helmet restricted)
rElec    +         Reflect  .   (no cloak)
rCorr    +         Harm     .   w - +0 pair of gloves
MR       .....                  l - +0 pair of boots
Stlth    ..........             k - amulet of guardian spirit
HPRegen  1.36/turn              h - ring of poison resistance
MPRegen  0.14/turn              C - ring of protection from cold

@: berserking, very quick
A: horns 2, yellow scales 3, powered by death 1, spiny 2
a: Berserk, Trog's Hand, Brothers in Arms, Renounce Religion


You were on level 5 of the Lair of Beasts.
You worshipped Trog.
Trog was exalted by your worship.
You were not hungry.

You visited 2 branches of the dungeon, and saw 16 of its levels.

You collected 1283 gold pieces.
You spent 815 gold pieces at shops.

Inventory:

Hand Weapons
 G - a +3 executioner's axe of chopping (weapon)
 Z - a +7 broad axe of chopping
Armour
 f - a +0 large shield
 l - a +0 pair of boots (worn)
 w - a +0 pair of gloves (worn)
 U - the +5 scale mail of Adghuss (worn) {rElec Str+2 Dex+4}
   (You took it off an orc on level 11 of the Dungeon)

   It affects your strength (+2).
   It affects your dexterity (+4).
   It insulates you from electricity.
 Y - the +0 cloak of Zopitoba {-Cast +Blink rElec Str-4}
   (You found it on level 11 of the Dungeon)

   It affects your strength (-4).
   It insulates you from electricity.
   It lets you blink.
   It prevents spellcasting.
Jewellery
 h - a ring of poison resistance (left hand)
 k - an amulet of guardian spirit (around neck)
 C - a ring of protection from cold (right hand)
 D - an uncursed amulet of the acrobat {unknown}
 N - an uncursed amulet of the acrobat {unknown}
 S - an uncursed ring of flight
 T - an uncursed ring of stealth
 X - an uncursed amulet of magic regeneration {unknown}
Wands
 p - a wand of random effects (23)
 J - a wand of acid (11)
 K - a wand of flame (21)
 L - a wand of digging (7)
 O - a wand of disintegration (11)
Scrolls
 b - 10 scrolls of teleportation
 g - 3 scrolls of fear
 o - a scroll of fog
 q - a scroll of identify
 s - 9 scrolls of remove curse
 x - a scroll of brand weapon
 y - 6 scrolls of magic mapping
 F - 3 scrolls of summoning
 H - 3 scrolls of silence
 R - 3 scrolls of enchant armour
 V - a scroll of blinking
Potions
 a - 5 potions of heal wounds {unknown}
 d - 2 potions of ambrosia {unknown}
 e - 2 potions of agility {unknown}
 j - 3 potions of lignification {unknown}
 m - 2 potions of magic {unknown}
 n - 2 potions of cancellation {unknown}
 r - 3 potions of resistance {unknown}
 t - a potion of invisibility {unknown}
 u - 3 potions of mutation {unknown}
 z - 4 potions of brilliance {unknown}
 A - 9 potions of degeneration {unknown}
 E - 2 potions of might {unknown}
 I - a potion of haste {unknown}
 Q - 2 potions of curing {unknown}
Comestibles
 c - 44 rations


   Skills:
 + Level 10.9 Fighting
 + Level 15.1 Axes
 + Level 9.7 Armour
 + Level 5.7 Dodging
 + Level 2.3 Stealth
 + Level 5.1 Shields
 + Level 1.9 Evocations


You had 12 spell levels left.
You didn't know any spells.
Your spell library was empty.

Dungeon Overview and Level Annotations

Branches:
Dungeon (11/15)            Temple (0/1) D:7            Lair (5/6) D:10
 Shoals (0/4) Lair:4        Snake (0/4) Lair:3        Slime (0/5) Lair:5
    Orc (0/2) D:11

Altars:
Cheibriados
Dithmenos
Makhleb
Qazlal
Sif Muna
Uskayaw
Xom
Zin
The Shining One

Shops:
D:5 [   D:11 ?

Portals:
Trove: D:11 (show slimy rune of Zot)

Annotations:
D:7 Blork the orc
D:11 2 runed doors
Lair:5 exclusion: 4 oklob plants


Innate Abilities, Weirdness & Mutations

You have a pair of horns on your head.
You are completely covered in yellow scales. (AC +4, rCorr)
You regenerate a little health from kills.
You are mostly covered in sharp spines.


Message History

The tyrant leech is struck by your spines.
The tyrant leech bites you!
* * * LOW HITPOINT WARNING * * *
The tyrant leech draws strength from your injuries!
The tyrant leech barely misses you.
You miss the tyrant leech. You headbutt the tyrant leech!
The tyrant leech is almost dead.
You closely miss the tyrant leech.
Unknown command.
You slice the tyrant leech!!
You kill the tyrant leech!
Trog accepts your kill. Something appears at your feet!
Trog grants you a weapon!
You slash the tyrant leech! The tyrant leech bites you!!
* * * LOW HITPOINT WARNING * * *
The tyrant leech draws strength from your injuries!
The tyrant leech is struck by your spines.
The tyrant leech bites you!!
You die...

≈w≈ ≈#.... ##...#
#≈.... #P... .P...
#..#####...#
######.##.#...#
####..#...w##....#
##................#
#....####.......###
#...## #.w@....##
##...# ##.)..##.#
#.#.#######....####
####>..##.#..†...#
##..(.........# ##
#............P### P.#
##............P.##..P#
#.#...####).<.......#
###...P## ##..[......#


You could see 2 tyrant leeches.

Vanquished Creatures
  A sphinx (D:11)
  A dire elephant (Lair:4)
  3 hydras
  Sonja (Lair:5)
  A skeletal warrior (D:11)
  A necromancer (Lair:4)
  2 oklob plants (Lair:1)
  A cyclops (D:11)
  2 ugly things (D:11)
  A manticore (D:11)
  3 merfolk sirens (Lair:4)
  A black mamba (Lair:1)
  12 elephants
  A gargoyle (D:11)
  3 spiny frogs
  8 komodo dragons
  2 trolls (D:11)
  A merfolk (Lair:4)
  A queen bee (Lair:3)
  A hornet (Lair:2)
  5 tyrant leeches (Lair:5)
  A slime creature (D:11)
  5 blink frogs (Lair:4)
  4 dream sheep (Lair:4)
  4 hippogriffs
  A shadow (D:11)
  3 wyverns
  28 yaks
  A basilisk (Lair:4)
  The ghost of digijack the Shield-Bearer, an amateur DsFi (D:3)
  A steam dragon (Lair:3)
  A hungry ghost (D:11)
  A swamp worm (Lair:5)
  An acid dragon (D:11)
  10 water moccasins
  10 porcupines
  2 ice beasts
  5 orc warriors
  3 sky beasts
  2 black bears
  A necrophage (D:7)
  An ogre (D:8)
  An eye of draining (D:11)
  4 phantoms
  A boggart (D:11)
  31 wolves
  5 centaurs
  7 crocodiles
  4 big kobolds
  10 bullfrogs
  A wyvern zombie (D:11)
  A water moccasin zombie (D:6)
  7 scorpions
  A wight (D:11)
  39 killer bees
  2 howler monkeys (D:11)
  An electric eel (D:11)
  5 crimson imps
  2 quasits
  3 iron imps (D:8)
  3 bullfrog skeletons
  4 centaur skeletons
  5 hounds
  2 jellies (D:11)
  12 orc wizards
  2 orc priests
  2 iguanas
  4 polar bear simulacra (Lair:4)
  5 hell rats (Lair:2)
  4 worker ants
  3 yak simulacra (Lair:4)
  2 wolf simulacra (Lair:4)
  2 hound skeletons (D:4)
  A worker ant zombie (D:6)
  A gnoll (D:1)
  15 adders
  2 shadow imps
  An adder zombie (D:5)
  2 worms
  2 dart slugs
  5 leopard geckos
  37 orcs
  11 bats
  4 giant cockroaches
  10 goblins
  11 hobgoblins
  12 jackals
  6 quokkas
  A ball python (D:3)
  7 frilled lizards
  16 kobolds
  A quokka zombie (D:8)
  7 rats
  2 river rat simulacra (Lair:4)
  3 fungi
  3 plants
473 creatures vanquished.

Vanquished Creatures (others)
  9 fungi
  11 plants
20 creatures vanquished.

Grand Total: 493 creatures vanquished

Notes
Turn   | Place    | Note
-------+----------+-------------------------------------------
     0 | D:1      | galech the Demonspawn Berserker began the quest for the Orb.
     0 | D:1      | Reached XP level 1. HP: 18/18 MP: 1/1
   141 | D:1      | Reached skill level 3 in Axes
   141 | D:1      | Gained mutation: You are partially covered in yellow scales. (AC +2) [demonic ancestry]
   141 | D:1      | Reached XP level 2. HP: 24/24 MP: 2/2
   427 | D:1      | Gained mutation: You have a pair of small horns on your head. [demonic ancestry]
   427 | D:1      | Reached XP level 3. HP: 25/29 MP: 3/3
   631 | D:1      | Reached ** piety under Trog
  1304 | D:2      | Gained mutation: You have a pair of horns on your head. [demonic ancestry]
  1304 | D:2      | Reached XP level 4. HP: 35/35 MP: 4/4
  1395 | D:2      | Found a shimmering altar of Xom.
  1395 | D:2      | Noticed an angel
  1398 | D:2      | Found a glowing silver altar of Zin.
  1673 | D:3      | Reached skill level 4 in Axes
  1676 | D:3      | Reached XP level 5. HP: 42/42 MP: 5/5
  1829 | D:3      | Reached *** piety under Trog
  2031 | D:3      | Found a runed door.
  2033 | D:3      | Noticed digijack's ghost (amateur DsFi)
  2122 | D:3      | Gained mutation: You are mostly covered in yellow scales. (AC +3) [demonic ancestry]
  2122 | D:3      | Reached XP level 6. HP: 48/48 MP: 3/6
  2311 | D:3      | Reached skill level 5 in Axes
  2311 | D:3      | Reached skill level 1 in Shields
  2332 | D:3      | Killed digijack's ghost
  2529 | D:4      | Gained mutation: You are partially covered in sharp spines. [demonic ancestry]
  2529 | D:4      | Reached XP level 7. HP: 55/55 MP: 7/7
  2887 | D:4      | Reached skill level 6 in Axes
  2999 | D:5      | Entered Level 5 of the Dungeon
  3007 | D:5      | Reached **** piety under Trog
  3040 | D:5      | Found Wepreir's Armour Emporium.
  3069 | D:5      | Found a stormy altar of Qazlal.
  3507 | D:6      | Gained mutation: You are mostly covered in sharp spines. [demonic ancestry]
  3507 | D:6      | Reached XP level 8. HP: 56/61 MP: 6/8
  3514 | D:6      | Found a snail-covered altar of Cheibriados.
  3815 | D:6      | Reached skill level 7 in Axes
  3947 | D:6      | Reached skill level 5 in Fighting
  4286 | D:7      | Found a staircase to the Ecumenical Temple.
  4321 | D:7      | Found a shadowy altar of Dithmenos.
  4321 | D:7      | Found a glowing golden altar of the Shining One.
  4322 | D:7      | Found a stormy altar of Qazlal.
  4342 | D:7      | Noticed Blork the orc
  4351 | D:7      | Found a deep blue altar of Sif Muna.
  4787 | D:7      | Reached skill level 1 in Evocations
  4792 | D:7      | Reached XP level 9. HP: 68/68 MP: 9/9
  4794 | D:7      | Reached skill level 8 in Axes
  4808 | D:7      | Reached skill level 5 in Armour
  4813 | D:7      | Received a gift from Trog
  5443 | D:8      | Found a hide-covered altar of Uskayaw.
  5589 | D:8      | Reached skill level 9 in Axes
  5613 | D:8      | Found a burning altar of Makhleb.
  5631 | D:8      | Reached ***** piety under Trog
  5631 | D:8      | Reached skill level 5 in Shields
  5921 | D:8      | Reached XP level 10. HP: 72/76 MP: 5/11
  6590 | D:10     | Entered Level 10 of the Dungeon
  6853 | D:10     | Found a staircase to the Lair.
  6876 | D:10     | Reached skill level 10 in Axes
  7389 | D:11     | Noticed a gargoyle
  7399 | D:11     | Killed a gargoyle
  7629 | D:11     | Found a runed door.
  7630 | D:11     | Found a runed door.
  7630 | D:11     | Found a runed door.
  7630 | D:11     | Noticed a sphinx
  7645 | D:11     | Noticed a skeletal warrior
  7652 | D:11     | Killed a skeletal warrior
  7721 | D:11     | Got a transparent scale mail
  7732 | D:11     | Identified the +5 scale mail of Adghuss {rElec Str+2 Dex+4} (You took it off an orc on level 11 of the Dungeon)
  7943 | D:11     | Gained mutation: You are completely covered in yellow scales. (AC +4, rCorr) [demonic ancestry]
  7943 | D:11     | Reached XP level 11. HP: 63/84 MP: 8/12
  7944 | D:11     | Noticed an ogre mage
  7949 | D:11     | Reached skill level 11 in Axes
  7950 | D:11     | Noticed a six-headed hydra
  7958 | D:11     | Found a portal to a secret trove of treasure.
  7961 | D:11     | Noticed a green ugly thing
  7970 | D:11     | Killed a green ugly thing
  8140 | D:11     | Found a staircase to the Orcish Mines.
  8152 | D:11     | Killed a ten-headed hydra
  8295 | D:11     | Noticed a brown ugly thing
  8306 | D:11     | Killed a brown ugly thing
  8395 | D:11     | Found Gutwej's Magic Scroll Shop.
  8406 | D:11     | Bought a scroll of brand weapon for 200 gold pieces
  8410 | D:11     | Bought a scroll of teleportation for 30 gold pieces
  8410 | D:11     | Bought a scroll of brand weapon for 200 gold pieces
  8410 | D:11     | Bought a scroll of magic mapping for 35 gold pieces
  8410 | D:11     | Bought a scroll of magic mapping for 35 gold pieces
  8410 | D:11     | Bought a scroll of enchant armour for 75 gold pieces
  8410 | D:11     | Bought a scroll of brand weapon for 200 gold pieces
  8410 | D:11     | Bought a scroll of identify for 20 gold pieces
  8410 | D:11     | Bought a scroll of identify for 20 gold pieces
  8833 | D:11     | Reached skill level 1 in Stealth
  8836 | D:11     | Reached ****** piety under Trog
  8892 | D:11     | Got an encrusted cloak
  8898 | D:11     | Identified the cursed +0 cloak of Zopitoba {-Cast +Blink rElec Str-4} (You found it on level 11 of the Dungeon)
  9053 | D:11     | Received a gift from Trog
  9082 | D:11     | Killed a sphinx
  9082 | D:11     | Reached skill level 12 in Axes
  9306 | Lair:1   | Entered Level 1 of the Lair of Beasts
  9758 | Lair:1   | Reached XP level 12. HP: 49/94 MP: 7/13
 10898 | Lair:2   | Reached skill level 13 in Axes
 11678 | Lair:2   | Reached skill level 5 in Dodging
 11940 | Lair:2   | Received a gift from Trog
 12339 | Lair:3   | Found a staircase to the Snake Pit.
 12450 | Lair:3   | Noticed a six-headed hydra
 12466 | Lair:3   | Killed an 11-headed hydra
 12472 | Lair:3   | Reached skill level 10 in Fighting
 12677 | Lair:3   | Noticed a five-headed hydra
 12682 | Lair:3   | Killed a nine-headed hydra
 12685 | Lair:3   | Gained mutation: You regenerate a little health from kills. [demonic ancestry]
 12685 | Lair:3   | Reached XP level 13. HP: 103/103 MP: 11/14
 12822 | Lair:3   | Reached skill level 14 in Axes
 13479 | Lair:4   | Received a gift from Trog
 13534 | Lair:4   | Noticed a dire elephant
 13542 | Lair:4   | Killed a dire elephant
 13817 | Lair:4   | Found a staircase to the Shoals.
 14491 | Lair:5   | Noticed Sonja
 14610 | Lair:5   | Killed Sonja
 14610 | Lair:5   | Reached skill level 15 in Axes
 14872 | Lair:5   | Found a staircase to the Slime Pits.
 15028 | Lair:5   | Received a gift from Trog
 15029 | Lair:5   | Mangled by a tyrant leech

Vault maps used:
D:1:      sevenhm_arrival_forest_fort_small_5
D:2:      grunt_temple_overflow_order_and_chaos_1, first_ration,
          minmay_misc_feat_roman
D:3:      ebering_ghost_sewer_d
D:5:      serial_shops, nicolae_shop_crystal, grunt_qazlal_sundering
D:6:      nicolae_overflow_crystal_walls
D:7:      tgw_sif, grunt_temple_overflow_open, minmay_temple_entry_fiery
D:8:      demons_altar, eat_drink_and_be_merry_uskayaw, blue_anna_alchemist
D:10:     david_lair_shrubbed
D:11:     minmay_the_grid_triangle_9x9_rhombus_full_mashed, serial_shops, shop,
          enter_trove_0
Lair:1:   minmay_lair_oklob_chamber
Lair:2:   ldierk_geyser, grunt_forest_large_clearings
Lair:3:   guppyfry_snake_entry_island, minmay_hedge_maze
Lair:4:   beast_lair_carwin_large_3, elwin_shoals_entry_stream,
          eino_house_with_fridge
Lair:5:   minmay_slime_entry_oklob_enclosed, basic_altar, worms_lemuel,
          uniq_sonja

Skill      XL: |  1  2  3  4  5  6  7  8  9 10 11 12 13 |
---------------+----------------------------------------+-----
Axes           | 3 4 5 6 7 9 10 12 13 15 | 15.1
Armour         | 2 3 4 6 7 8 9 |  9.7
Dodging        | 2 3 4 5 |  5.7
Fighting       | 4 5 7 8 10 | 10.9
Shields        | 1 2 3 5 |  5.1
Evocations     | 1 |  1.9
Stealth        | 1 2 |  2.3

Action                   |  1- 3 |  4- 6 |  7- 9 | 10-12 | 13-15 || total
-------------------------+-------+-------+-------+-------+-------++-------
Melee: Hand axe          |   117 |   170 |    87 |       |       ||   374
       Headbutt          |    15 |    35 |    70 |    84 |    46 ||   250
       War axe           |       |       |   201 |       |       ||   201
       Executioner's axe |       |       |    14 |   408 |   151 ||   573
       Broad axe         |       |       |       |     1 |       ||     1
Invok: Berserk           |     1 |     3 |     5 |    10 |     4 ||    23
       Trog's Hand       |       |       |       |     2 |     2 ||     4
Evoke: Wand              |       |       |     6 |       |       ||     6
  Use: Scroll            |       |       |    11 |    11 |     3 ||    25
 Stab: Sleeping          |       |       |       |       |     1 ||     1
  Eat: Chunk             |     2 |     8 |    16 |    21 |     9 ||    56
       Ration            |       |       |       |     4 |     1 ||     5
Armor: Animal skin       |     2 |       |       |       |       ||     2
       Chain mail        |    57 |   118 |    56 |       |       ||   231
       Ring mail         |    10 |       |       |       |       ||    10
       Plate armour      |       |       |   121 |   137 |       ||   258
       Scale mail        |       |       |       |   244 |    77 ||   321
Dodge: Dodged            |    56 |    35 |    35 |   327 |   102 ||   555
Block: Shield            |       |    51 |    56 |       |       ||   107
       Large shield      |       |       |    87 |       |       ||    87

Table legend:
 A = Non-vault XP
 B = Vault XP
 C = Vault XP percentage of total XP
 D = Non-vault monster count
 E = Vault monster count
 F = Vault count percentage of total count
                 A         B        C        D         E       F
            +---------+---------+-------+---------+---------+-------
      Total |   30246 |   26321 |  46.5 |     336 |     131 |  28.1
            +---------+---------+-------+---------+---------+-------
        D:1 |      63 |       0 |   0.0 |      29 |       0 |   0.0
        D:2 |      72 |       0 |   0.0 |      25 |       0 |   0.0
        D:3 |     261 |     307 |  54.0 |      26 |       4 |  13.3
        D:4 |     416 |       0 |   0.0 |      21 |       0 |   0.0
        D:5 |     285 |       0 |   0.0 |       9 |       0 |   0.0
        D:6 |     845 |       0 |   0.0 |      17 |       0 |   0.0
        D:7 |    2164 |       0 |   0.0 |      28 |       0 |   0.0
        D:8 |    1053 |     226 |  17.7 |      25 |       4 |  13.8
        D:9 |     803 |       0 |   0.0 |      12 |       0 |   0.0
       D:10 |    1541 |     333 |  17.8 |      20 |       1 |   4.8
       D:11 |    3673 |    8195 |  69.1 |      41 |      30 |  42.3
     Lair:1 |    2821 |    1174 |  29.4 |      15 |       2 |  11.8
     Lair:2 |    5620 |    3476 |  38.2 |      31 |      30 |  49.2
     Lair:3 |    4943 |    1981 |  28.6 |      12 |      27 |  69.2
     Lair:4 |    3442 |    8261 |  70.6 |      16 |      26 |  61.9
     Lair:5 |    2244 |    2368 |  51.3 |       9 |       7 |  43.8
            +---------+---------+-------+---------+---------+-------
